 Dungeon Crawl Stone Soup version 0.25-a0-189-gf71692caf1 (webtiles) character file.

Game seed: 12316388694285772500, levelgen mode: deterministic

347 kae the Changer (level 6, -12/64 HPs)
             Began as a Demonspawn Transmuter on Nov 29, 2019.
             Killed by divine providence
             ... invoked by an orc priest
              (16 damage)
             ... on level 4 of the Dungeon.
             The game lasted 00:03:46 (4368 turns).

kae the Changer (Demonspawn Transmuter)             Turns: 4368, Time: 00:03:47

Health: -12/64     AC: 23    Str: 10    XL:     6   Next: 32%
Magic:  7/9        EV:  2    Int: 15    God:
Gold:   16         SH:  0    Dex: 15    Spells: 3/9 levels left

rFire    . . .     SeeInvis +     - Unarmed
rCold    . . .     Gourm    +   (no shield)
rNeg     + + +     Faith    .   (armour currently unavailable)
rPois    +         Spirit   .   (helmet currently unavailable)
rElec    .         Reflect  .   (cloak currently unavailable)
rCorr    .         Harm     .   (gloves currently unavailable)
MR       .....     NoTele   +   (boots currently unavailable)
Stlth    +.........             l - amulet of the gourmand
HPRegen  0.20/turn              h - ring of see invisible
MPRegen  0.11/turn              (no ring)

@: tree-form, hasted, very quick
A: no striking features
a: no special abilities


You were on level 4 of the Dungeon.
You were full.
You were a tree.
You visited 1 branch of the dungeon, and saw 4 of its levels.

You collected 205 gold pieces.
You spent 189 gold pieces at shops.

Inventory:

Missiles
 a - 10 arrows
Armour
 b - a +0 robe (melded)
Jewellery
 h - a ring of see invisible (left branch)
 l - an amulet of the gourmand (around neck)
Wands
 m - a wand of enslavement (6)
Scrolls
 k - 3 scrolls of identify
 p - a scroll of remove curse
Potions
 c - 3 potions of flight
 e - 2 potions of might
 f - 3 potions of haste
 i - a potion of heal wounds {unknown}
 j - a potion of resistance {unknown}
 n - a potion of curing {unknown}
 o - a potion of brilliance {unknown}
 q - a potion of invisibility {unknown}
Comestibles
 d - 6 rations


   Skills:
 - Level 1.0 Fighting
 - Level 1.7 Dodging
 + Level 4.3 Unarmed Combat
 - Level 2.0 Spellcasting
 * Level 5.1 Transmutations


You had 3 spell levels left.
You knew the following spells:

 Your Spells              Type           Power        Failure   Level  Hunger
a - Beastly Appendage     Tmut           ###...       2%          1    #......
b - Sticks to Snakes      Tmut           ###.....     4%          2    ###....
c - Spider Form           Tmut/Pois      #.........   22%         3    ###....

Your spell library contained the following spells:

 Spells                   Type           Power        Failure   Level  Hunger
 Confusing Touch          Hex            #.....       22%         1    #......
 Confuse                  Hex            #.......     54%         3    ###....
 Gell's Gravitas          Tloc           #.........   54%         3    ###....
 Ice Form                 Ice/Tmut       #.......     58%         4    #####..
 Petrify                  Tmut/Erth      #.......     58%         4    #####..
 Blade Hands              Tmut           ###.......   58%         5    ######.
 Yara's Violent Unravell  Hex/Tmut       #.........   91%         5    ######.
 Metabolic Englaciation   Hex/Ice        #.........   99%         5    ######.


Dungeon Overview and Level Annotations

Branches:
Dungeon (4/15)
 Temple: D:4-7

Altars:

Shops:
D:4 *

Annotations:
D:4 exclusion: orc priest, Sigmund


Innate Abilities, Weirdness & Mutations

((You have sharp fingernails.))
((Your flesh is heat resistant. (rF+)))
((When seriously injured, your bleeding wounds create thick armour. (AC +0)))


Message History

The orc priest calls upon Beogh to heal the orc priest.
The orc priest's wounds heal themselves!
You hit the orc priest.
The orc priest is moderately wounded.
The orc closely misses you.
The orc priest mumbles some strange prayers to Beogh against you.
Pain shoots through your body!
The orc priest hits you with a +0 hand axe.
* * * LOW HITPOINT WARNING * * *
It was a potion of haste.
You feel yourself speed up. The orc closely misses you.
The orc priest hits you with a +0 hand axe!
* * * LOW HITPOINT WARNING * * *
It was a potion of lignification.
Your transformation has ended.
Your +0 robe unmelds from your body.
You turn into a tree.
Your +0 robe melds into your body.
Your roots penetrate the ground.
The orc priest invokes the aid of Beogh against you.
Beogh smites you!
You die...

.......#.... ......#....
.....+....
######...#....
#...##...#.... .
#........#.∩.. ...
#........'....
.....######'########)...
.....oo♣............)...
......oo................
......?..........)......
........................
.........#+###..........
.........# #..........
.........# #..........
.........# #..........
#####......


You could see 3 orc priests and an orc.

Vanquished Creatures
  A scorpion (D:4)
  A hound (D:4)
  2 orc wizards
  Ijyb (D:3)
  8 adders
  2 oozes (D:2)
  A worm (D:2)
  A dart slug (D:2)
  15 orcs
  11 bats
  3 giant cockroaches
  3 goblins
  9 hobgoblins
  5 kobolds
  4 quokkas
  A ball python (D:2)
  4 frilled lizards
  4 rats
76 creatures vanquished.

Vanquished Creatures (collateral kills)
  2 adders
2 creatures vanquished.

Grand Total: 78 creatures vanquished

Notes
Turn   | Place    | Note
-------+----------+-------------------------------------------
     0 | D:1      | kae the Demonspawn Transmuter began the quest for the Orb.
     0 | D:1      | Reached XP level 1. HP: 15/15 MP: 3/3
    62 | D:1      | Reached skill level 2 in Transmutations
   218 | D:1      | Gained mutation: When seriously injured, your bleeding
                  | wounds create armour. (AC +0) [demonic ancestry]
   218 | D:1      | Reached XP level 2. HP: 16/21 MP: 5/5
  1127 | D:2      | Gained mutation: Your flesh is heat resistant. (rF+)
                  | [demonic ancestry]
  1127 | D:2      | Reached XP level 3. HP: 17/26 MP: 6/6
  1182 | D:2      | Reached skill level 3 in Transmutations
  1503 | D:2      | Learned a level 2 spell: Sticks to Snakes
  1507 | D:2      | Learned a level 3 spell: Spider Form
  1765 | D:2      | Reached XP level 4. HP: 15/32 MP: 1/7
  2750 | D:3      | Reached skill level 4 in Transmutations
  2750 | D:3      | Gained mutation: When seriously injured, your bleeding
                  | wounds create thick armour. (AC +0) [demonic ancestry]
  2750 | D:3      | Reached XP level 5. HP: 27/37 MP: 2/8
  3240 | D:3      | Noticed Ijyb
  3264 | D:3      | Killed Ijyb
  3902 | D:4      | Noticed Sigmund
  4106 | D:4      | Gained mutation: You have sharp fingernails. [demonic
                  | ancestry]
  4106 | D:4      | Reached XP level 6. HP: 43/43 MP: 5/9
  4140 | D:4      | Found Qaufakhlutt's Assorted Antiques.
  4148 | D:4      | Bought a scroll labeled FOEHAULUJI for 24 gold pieces
  4148 | D:4      | Bought a black potion for 21 gold pieces
  4148 | D:4      | Bought a scroll labeled FOEHAULUJI for 24 gold pieces
  4148 | D:4      | Bought a scroll labeled ATAMEZ FISTRAL for 24 gold pieces
  4148 | D:4      | Bought a scroll of identify for 48 gold pieces
  4148 | D:4      | Bought a scroll of identify for 48 gold pieces
  4184 | D:4      | Reached skill level 5 in Transmutations
  4367 | D:4      | HP: 2/43 [orc priest/+0 hand axe (10)]
  4368 | D:4      | Killed from afar by an orc priest

Levels and vault maps discovered:
D:1:      dpeg_arrival_three_same_balls, layout_basic
D:2:      layout_basic
D:3:      layout_basic, uniq_ijyb
D:4:      layout_gridville, serial_shops, shop, grunt_ministairs_4, uniq_sigmund

Skill      XL: |  1  2  3  4  5  6 |
---------------+-------------------+-----
Transmutations | 2 3 4 5 |  5.1
Unarmed Combat | 3 4 |  4.3
Fighting       | |  1.0
Dodging        | |  1.7
Spellcasting   | |  2.0

Action                   |  1- 3 |  4- 6 || total
-------------------------+-------+-------++-------
Melee: Unarmed           |   143 |   207 ||   350
       Kick              |     6 |       ||     6
       Punch             |     2 |       ||     2
       Headbutt          |     4 |     5 ||     9
 Cast: Beastly Appendage |    11 |     7 ||    18
       Spider Form       |     1 |     6 ||     7
       Sticks to Snakes  |     1 |     1 ||     2
  Use: Scroll            |     1 |     7 ||     8
       Potion            |       |     2 ||     2
 Stab: Sleeping          |       |     2 ||     2
  Eat: Chunk             |     3 |    15 ||    18
Armor: Robe              |    51 |    36 ||    87
       Skin              |       |     1 ||     1
Dodge: Dodged            |   111 |   155 ||   266

Table legend:
 A = Non-vault XP
 B = Vault XP
 C = Vault XP percentage of total XP
 D = Non-vault monster count
 E = Vault monster count
 F = Vault count percentage of total count
                 A         B        C        D         E       F
            +---------+---------+-------+---------+---------+-------
      Total |     445 |      51 |  10.3 |      76 |       2 |   2.6
            +---------+---------+-------+---------+---------+-------
        D:1 |      26 |       0 |   0.0 |      16 |       0 |   0.0
        D:2 |      95 |       0 |   0.0 |      22 |       0 |   0.0
        D:3 |     131 |      38 |  22.5 |      27 |       1 |   3.6
        D:4 |     193 |      13 |   6.3 |      11 |       1 |   8.3
            +---------+---------+-------+---------+---------+-------
